TOP OF THE 1ST |
New Jersey Devils batting - Pitching for Canton Indians : RHP Nesty Pulido
|
Pitching: RHP Nesty Pulido
|
|
Batting: SHB Tyler Maddux
|
0-0: Ball 1-0: Called Strike 1-1: Foul Ball, location: 2F 1-2: Ball 2-2: SINGLE (Groundball, 4M, EV 80.0 MPH) (infield hit)
|
Batting: RHB Oscar Bravo
|
0-0: Called Strike Tyler Maddux is caught stealing 2nd base 2-4 0-1: Ball 1-1: Fly out, F5 (Line Drive, 5, EV 63.1 MPH)
|
Batting: RHB Larry Shoop
|
0-0: Ball 1-0: Called Strike 1-1: SOLO HOME RUN (Flyball, 7D, EV 98.1 MPH), Distance : 381 ft
|
Batting: LHB Tony Leyba
|
0-0: SOLO HOME RUN (Flyball, 7D, EV 99.4 MPH), Distance : 384 ft
|
Batting: RHB Dan Muse
|
0-0: Ball 1-0: Fly out, F9 (Flyball, 89M, EV 78.8 MPH)
|
Top of the 1st over - 2 runs, 3 hits, 0 errors, 0 left on base; New Jersey 2 - Canton 0 |
BOTTOM OF THE 1ST |
Canton Indians batting - Pitching for New Jersey Devils : RHP Gabe Kelso
|
Pitching: RHP Gabe Kelso
|
|
Batting: RHB Jason Roberts
|
0-0: Called Strike 0-1: Ball 1-1: Called Strike 1-2: Reached on error, E3 (Groundball, 34, EV 86.9 MPH)
|
Batting: RHB John Bianconi
|
0-0: Ball 1-0: Swinging Strike 1-1: Foul Ball, location: 2F 1-2: Fly out, F4 (Popup, 4, EV 80.6 MPH)
|
Batting: LHB Dave Key
|
0-0: Ball 1-0: Swinging Strike 1-1: Called Strike 1-2: Ball 2-2: Ball 3-2: Strikes out swinging
|
Batting: LHB Jeff Palmowski
|
0-0: Called Strike 0-1: Ball 1-1: Ball 2-1: Called Strike 2-2: Strikes out swinging
|
Bottom of the 1st over - 0 runs, 0 hits, 1 error, 1 left on base; New Jersey 2 - Canton 0 |
TOP OF THE 2ND |
New Jersey Devils batting - Pitching for Canton Indians : RHP Nesty Pulido
|
Batting: LHB Miguel Ramos
|
0-0: Called Strike 0-1: Ball 1-1: SINGLE (Line Drive, 34, EV 95.6 MPH)
|
Batting: RHB Brian Bonin
|
0-0: Ball 1-0: Ball 2-0: Called Strike 2-1: Called Strike 2-2: Strikes out swinging
|
Batting: LHB Matt Baker
|
0-0: Foul Ball, location: 2F 0-1: Fly out, F8 (Flyball, 8RD, EV 96.9 MPH)
|
Batting: RHB Michael Youngberry
|
0-0: Ball 1-0: Ball 2-0: Ball 3-0: Base on Balls Miguel Ramos to second
|
Batting: SHB Tyler Maddux
|
0-0: Ball 1-0: Ball 2-0: Foul Ball, location: 2F 2-1: Called Strike 2-2: Fly out, F9 (Flyball, 9, EV 76.9 MPH)
|
Top of the 2nd over - 0 runs, 1 hit, 0 errors, 2 left on base; New Jersey 2 - Canton 0 |
BOTTOM OF THE 2ND |
Canton Indians batting - Pitching for New Jersey Devils : RHP Gabe Kelso
|
Batting: LHB Shane Montalvo
|
0-0: Ball 1-0: Ground out 4-3 (Groundball, 4, EV 108.1 MPH)
|
Batting: RHB Jesus Montana
|
0-0: Swinging Strike 0-1: DOUBLE (Groundball, 5L, EV 103.8 MPH)
|
Batting: LHB Justin Eargle
|
0-0: Swinging Strike 0-1: Called Strike Jesus Montana steals 3rd base 0-2: Ground out 4-3 (Groundball, 4D, EV 90.6 MPH) Jesus Montana scores
|
Batting: SHB Jay Rook
|
0-0: Ball 1-0: Ball 2-0: Foul Ball, location: 2F 2-1: Ball 3-1: Foul Ball, location: 2F 3-2: Base on Balls
|
Batting: SHB Javon Mitchell
|
0-0: Ball 1-0: Swinging Strike 1-1: Foul Ball, location: 2F 1-2: Strikes out swinging
|
Bottom of the 2nd over - 1 run, 1 hit, 0 errors, 1 left on base; New Jersey 2 - Canton 1 |
TOP OF THE 3RD |
New Jersey Devils batting - Pitching for Canton Indians : RHP Nesty Pulido
|
Batting: RHB Oscar Bravo
|
0-0: SINGLE (Line Drive, 4D, EV 101.9 MPH)
|
Batting: RHB Larry Shoop
|
0-0: Ball Oscar Bravo steals 2nd base 1-0: Ball 2-0: Called Strike 2-1: Ball 3-1: Fly out, F9 (Flyball, 89D, EV 93.1 MPH) Runner from 2nd tags up, SAFE at 3rd, no throw by RF
|
Batting: LHB Tony Leyba
|
0-0: Foul Ball, location: 2F 0-1: Ball 1-1: 2-RUN HOME RUN (Flyball, 9D, EV 97.5 MPH), Distance : 393 ft
|
Batting: RHB Dan Muse
|
0-0: Called Strike 0-1: DOUBLE (Line Drive, 9LS, EV 106.2 MPH)
|
Batting: LHB Miguel Ramos
|
0-0: Fly out, F8 (Flyball, 78M, EV 82.5 MPH)
|
Batting: RHB Brian Bonin
|
0-0: Called Strike 0-1: Ball 1-1: Called Strike 1-2: Ball 2-2: Ball 3-2: Ground out 6-3 (Groundball, 6, EV 85.0 MPH)
|
Top of the 3rd over - 2 runs, 3 hits, 0 errors, 1 left on base; New Jersey 4 - Canton 1 |
BOTTOM OF THE 3RD |
Canton Indians batting - Pitching for New Jersey Devils : RHP Gabe Kelso
|
Batting: RHB Jason Roberts
|
0-0: DOUBLE (Line Drive, 78XD, EV 106.9 MPH)
|
Batting: RHB John Bianconi
|
0-0: Ground out 6-3 (Groundball, 6M, EV 100.6 MPH) Jason Roberts to third
|
Batting: LHB Dave Key
|
0-0: Ground out 6-3 (Groundball, 6M, EV 103.8 MPH) Jason Roberts scores
|
Batting: LHB Jeff Palmowski
|
0-0: Ball 1-0: Ball 2-0: Ball 3-0: Called Strike 3-1: Base on Balls
|
Batting: LHB Shane Montalvo
|
0-0: Ball 1-0: Called Strike 1-1: Called Strike 1-2: Strikes out swinging
|
Bottom of the 3rd over - 1 run, 1 hit, 0 errors, 1 left on base; New Jersey 4 - Canton 2 |
TOP OF THE 4TH |
New Jersey Devils batting - Pitching for Canton Indians : RHP Nesty Pulido
|
Batting: LHB Matt Baker
|
0-0: Foul Ball, location: 2F 0-1: Ball 1-1: Foul Ball, location: 2F 1-2: Ball 2-2: Ball 3-2: Base on Balls
|
Batting: RHB Michael Youngberry
|
0-0: Ball Matt Baker is caught stealing 2nd base 2-4 1-0: Foul Ball, location: 2F 1-1: Swinging Strike 1-2: Foul Ball, location: 2F 1-2: Ground out U3 (Groundball, 34S, EV 94.4 MPH)
|
Batting: SHB Tyler Maddux
|
0-0: Ball 1-0: Foul Ball, location: 2F 1-1: Foul Ball, location: 2F 1-2: Strikes out swinging
|
Top of the 4th over - 0 runs, 0 hits, 0 errors, 0 left on base; New Jersey 4 - Canton 2 |
BOTTOM OF THE 4TH |
Canton Indians batting - Pitching for New Jersey Devils : RHP Gabe Kelso
|
Batting: RHB Jesus Montana
|
0-0: Called Strike 0-1: Fly out, F4 (Popup, 3D, EV 56.2 MPH)
|
Batting: LHB Justin Eargle
|
0-0: Ball 1-0: Ball 2-0: Fly out, F9 (Flyball, 89M, EV 81.2 MPH)
|
Batting: SHB Jay Rook
|
0-0: Ball 1-0: Called Strike 1-1: Foul Ball, location: 2F 1-2: Ball 2-2: Ball 3-2: Strikes out swinging
|
Bottom of the 4th over - 0 runs, 0 hits, 0 errors, 0 left on base; New Jersey 4 - Canton 2 |
TOP OF THE 5TH |
New Jersey Devils batting - Pitching for Canton Indians : RHP Nesty Pulido
|
Batting: RHB Oscar Bravo
|
0-0: Ball 1-0: Swinging Strike 1-1: Ball 2-1: Ground out 4-3 (Groundball, 34, EV 83.8 MPH)
|
Batting: RHB Larry Shoop
|
0-0: Called Strike 0-1: Foul Ball, location: 2F 0-2: Ball 1-2: Ball 2-2: Ground out 5-3 (Groundball, 5L, EV 82.5 MPH)
|
Batting: LHB Tony Leyba
|
0-0: Called Strike 0-1: Ball 1-1: Foul Ball, location: 2F 1-2: Foul Ball, location: 2F 1-2: Strikes out swinging
|
Top of the 5th over - 0 runs, 0 hits, 0 errors, 0 left on base; New Jersey 4 - Canton 2 |
BOTTOM OF THE 5TH |
Canton Indians batting - Pitching for New Jersey Devils : RHP Gabe Kelso
|
Batting: SHB Javon Mitchell
|
0-0: SINGLE (Groundball, 4M, EV 88.8 MPH) (infield hit)
|
Batting: RHB Jason Roberts
|
0-0: Ball Javon Mitchell steals 2nd base (no throw) 1-0: Foul Ball, location: 2F 1-1: Called Strike 1-2: Ball 2-2: Foul Ball, location: 2F 2-2: Fly out, F9 (Flyball, 9, EV 81.9 MPH)
|
Batting: RHB John Bianconi
|
0-0: Ball 1-0: Ground out 1-3 (Groundball, 13, EV 67.5 MPH) Javon Mitchell to third
|
Batting: LHB Dave Key
|
0-0: Ball 1-0: Ball 2-0: Foul Ball, location: 2F 2-1: Swinging Strike 2-2: Ball 3-2: Ground out U3 (Groundball, 3, EV 82.5 MPH)
|
Bottom of the 5th over - 0 runs, 1 hit, 0 errors, 1 left on base; New Jersey 4 - Canton 2 |
TOP OF THE 6TH |
New Jersey Devils batting - Pitching for Canton Indians : RHP Nesty Pulido
|
Batting: RHB Dan Muse
|
0-0: Ball 1-0: Ball 2-0: Ball 3-0: Called Strike 3-1: Foul Ball, location: 2F 3-2: Ground out 4-3 (Groundball, 4M, EV 98.1 MPH)
|
Batting: LHB Miguel Ramos
|
0-0: SINGLE (Line Drive, 9S, EV 102.5 MPH)
|
Batting: RHB Brian Bonin
|
0-0: Called Strike 0-1: Ball Pickoff Throw to First - Out! 1-3 1-1: Swinging Strike 1-2: Strikes out swinging
|
Top of the 6th over - 0 runs, 1 hit, 0 errors, 0 left on base; New Jersey 4 - Canton 2 |
BOTTOM OF THE 6TH |
Canton Indians batting - Pitching for New Jersey Devils : RHP Gabe Kelso
|
Batting: LHB Jeff Palmowski
|
0-0: Foul Ball, location: 2F 0-1: Called Strike 0-2: Ball 1-2: Strikes out swinging
|
Batting: LHB Shane Montalvo
|
0-0: Ball 1-0: Ball 2-0: Called Strike 2-1: Fly out, F8 (Flyball, 78D, EV 95.0 MPH)
|
Batting: RHB Jesus Montana
|
0-0: Ball 1-0: DOUBLE (Line Drive, 8RXD, EV 105.0 MPH)
|
Batting: LHB Justin Eargle
|
0-0: Called Strike 0-1: SINGLE (Groundball, 23, EV 70.6 MPH) (infield hit) Jesus Montana to third
|
Batting: SHB Jay Rook
|
0-0: Ball 1-0: Foul Ball, location: 2F 1-1: Swinging Strike 1-2: Ball 2-2: Fly out, F8 (Flyball, 8RS, EV 89.4 MPH)
|
Bottom of the 6th over - 0 runs, 2 hits, 0 errors, 2 left on base; New Jersey 4 - Canton 2 |
TOP OF THE 7TH |
New Jersey Devils batting - Pitching for Canton Indians : RHP Nesty Pulido
|
Batting: LHB Matt Baker
|
0-0: Called Strike 0-1: Called Strike 0-2: Foul Ball, location: 2F 0-2: Ball 1-2: Ball 2-2: Strikes out looking
|
Batting: RHB Michael Youngberry
|
0-0: Ball 1-0: Foul Ball, location: 2F 1-1: Ground out U3 (Groundball, 34, EV 89.4 MPH)
|
Batting: SHB Tyler Maddux
|
0-0: Ball 1-0: Swinging Strike 1-1: Swinging Strike 1-2: Foul Ball, location: 2F 1-2: Strikes out looking
|
Top of the 7th over - 0 runs, 0 hits, 0 errors, 0 left on base; New Jersey 4 - Canton 2 |
BOTTOM OF THE 7TH |
Canton Indians batting - Pitching for New Jersey Devils : RHP Gabe Kelso
|
Batting: SHB Javon Mitchell
|
0-0: Ball 1-0: Called Strike 1-1: Ground out 4-3 (Groundball, 4, EV 92.5 MPH)
|
Batting: RHB Jason Roberts
|
0-0: Called Strike 0-1: Ball 1-1: Foul Ball, location: 2F 1-2: Ball 2-2: Fly out, F9 (Flyball, 9LM, EV 110.0 MPH)
|
Batting: RHB John Bianconi
|
0-0: Ground out 6-3 (Groundball, 6S, EV 86.9 MPH)
|
Bottom of the 7th over - 0 runs, 0 hits, 0 errors, 0 left on base; New Jersey 4 - Canton 2 |
TOP OF THE 8TH |
New Jersey Devils batting - Pitching for Canton Indians : RHP Nesty Pulido
|
Batting: RHB Oscar Bravo
|
0-0: Called Strike 0-1: Ball 1-1: Ball 2-1: Swinging Strike 2-2: Strikes out swinging
|
Pitching: LHP Alec Valencia
|
|
Batting: RHB Larry Shoop
|
0-0: Ball 1-0: Ball 2-0: Fly out, F9 (Flyball, 9LD, EV 93.1 MPH)
|
Batting: LHB Tony Leyba
|
0-0: Called Strike 0-1: Ball 1-1: Fly out, F8 (Flyball, 8RD, EV 94.4 MPH)
|
Top of the 8th over - 0 runs, 0 hits, 0 errors, 0 left on base; New Jersey 4 - Canton 2 |
BOTTOM OF THE 8TH |
Canton Indians batting - Pitching for New Jersey Devils : RHP Gabe Kelso
|
Batting: LHB Dave Key
|
0-0: Ball 1-0: Called Strike 1-1: SINGLE (Flyball, 56D, EV 90.6 MPH)
|
Batting: LHB Jeff Palmowski
|
0-0: Foul Ball, location: 2F 0-1: Ball 1-1: Swinging Strike 1-2: Foul Ball, location: 2F 1-2: Foul Ball, location: 2F 1-2: Foul Ball, location: 2F 1-2: Strikes out swinging
|
Pitching: RHP Jason Horvath
|
|
Batting: LHB Shane Montalvo
|
0-0: Called Strike 0-1: Fielders Choice at 2nd, 4-6 (Groundball, 4, EV 87.5 MPH)
|
Batting: RHB Jesus Montana
|
0-0: Foul Ball, location: 2F 0-1: Foul Ball, location: 2F 0-2: Strikes out swinging
|
Bottom of the 8th over - 0 runs, 1 hit, 0 errors, 1 left on base; New Jersey 4 - Canton 2 |
TOP OF THE 9TH |
New Jersey Devils batting - Pitching for Canton Indians : LHP Alec Valencia
|
Pitching: RHP Terry Sterling
|
|
Batting: RHB Dan Muse
|
0-0: Ball 1-0: SOLO HOME RUN (Flyball, 7LD, EV 96.2 MPH), Distance : 343 ft
|
Batting: LHB Miguel Ramos
|
0-0: Called Strike 0-1: Ball 1-1: Foul Ball, location: 2F 1-2: Ball 2-2: Foul Ball, location: 2F 2-2: Strikes out looking
|
Batting: RHB Brian Bonin
|
0-0: Called Strike 0-1: Ball 1-1: Called Strike 1-2: Strikes out looking
|
Batting: LHB Matt Baker
|
0-0: Ball 1-0: Ground out 5-3 (Groundball, 56S, EV 91.9 MPH)
|
Top of the 9th over - 1 run, 1 hit, 0 errors, 0 left on base; New Jersey 5 - Canton 2 |
BOTTOM OF THE 9TH |
Canton Indians batting - Pitching for New Jersey Devils : RHP Jason Horvath
|
Batting: LHB Justin Eargle
|
0-0: Called Strike 0-1: Foul Ball, location: 2F 0-2: Ball 1-2: Ball 2-2: DOUBLE (Line Drive, 8LD, EV 100.0 MPH)
|
Batting: SHB Jay Rook
|
0-0: Called Strike 0-1: Foul Ball, location: 2F 0-2: Strikes out looking
|
Batting: SHB Javon Mitchell
|
0-0: Called Strike 0-1: Ball 1-1: Ball 2-1: Called Strike 2-2: Ball 3-2: Foul Ball, location: 2F 3-2: Foul Ball, location: 2F 3-2: Ground out 6-3 (Groundball, P, EV 88.8 MPH) Justin Eargle to third
|
Batting: RHB Jason Roberts
|
0-0: Foul Ball, location: 2F 0-1: Ball 1-1: Ball 2-1: Ball 3-1: Foul Ball, location: 2F 3-2: Strikes out swinging
|
Bottom of the 9th over - 0 runs, 1 hit, 0 errors, 1 left on base; New Jersey 5 - Canton 2 |
|